 Dungeon Crawl Stone Soup version 0.28-a0-828-g0121872642 (webtiles) character file.

Game seed: 11773628336127289004

67463 Gwenloh the Fighter (level 15, -3/101 HPs)
             Began as a Gargoyle Fighter on Nov 8, 2021.
             Was an Elder of the Shining One.
             Killed by divine providence
             ... invoked by Saint Roka
              (12 damage)
             ... on level 1 of the Orcish Mines on Nov 10, 2021.
             The game lasted 01:35:53 (19283 turns).

Gwenloh the Fighter (Gargoyle Fighter)             Turns: 19283, Time: 01:35:54

Health: -3/101     AC: 37    Str: 21    XL:     15   Next: 23%
Magic:  17/18      EV: 12    Int: 12    God:    the Shining One [****..]
Gold:   1657       SH: 14    Dex: 13    Spells: 12/14 levels left

rFire   + . .      SeeInvis .   a - +4 flail (freeze)
rCold   x . .      Faith    .   c - +0 buckler
rNeg    + + +      Spirit   .   Y - +7 chain mail of the Planets {Drain rCorr Int+2}
rPois   ∞          Reflect  .   U - +0 helmet
rElec   +          Harm     .   t - +1 cloak {rPois}
rCorr   +          Rampage  .   e - +1 pair of gloves
Will    +....                   (no boots)
Stlth   ..........              s - amulet of regeneration
HPRegen 1.26/turn               x - ring of fire
MPRegen 0.16/turn               w - +4 ring of evasion

@: divinely shielded, flying, glowing
A: sickness immunity, AC +11, big wings, negative energy resistance 1,
electricity resistance, torment resistance 1, petrification resistance
a: Renounce Religion, Divine Shield, Cleansing Flame


You were on level 1 of the Orcish Mines.
You worshipped the Shining One.
The Shining One was greatly pleased with you.
You visited 4 branches of the dungeon, and saw 19 of its levels.
You also visited: Ossuary and Volcano.

You collected 1657 gold pieces.

Inventory:

Hand Weapons
 a - a +4 flail of freezing (weapon)
 b - a +1 fustibalus of freezing
 k - a +2 hand axe of flaming
 y - a +0 war axe of holy wrath
 P - a +0 antimagic flail
Missiles
 m - 102 sling bullets
 o - 265 stones
 v - 92 bolts
 E - 6 boomerangs (quivered)
Armour
 c - a +0 buckler (worn)
 e - a +1 pair of gloves (worn)
 t - a +1 cloak of poison resistance (worn)
 U - a +0 helmet (worn)
 Y - the +7 chain mail of the Planets (worn) {Drain rCorr Int+2}
   (You found it on level 6 of the Lair of Beasts)

   Int:       It affects your intelligence (+2).
   rCorr:     It protects you from acid and corrosion.
   Drain:     It drains your maximum health when unequipped.
Jewellery
 h - a ring of protection from cold
 s - an amulet of regeneration (around neck)
 u - an amulet of reflection
 w - a +4 ring of evasion (right hand)
 x - a ring of fire (left hand)
Wands
 q - a wand of iceblast (18)
 B - a wand of flame (20)
 C - a wand of digging (6)
 H - a wand of acid (9)
 Q - a wand of polymorph (11)
 R - a wand of paralysis (3)
Scrolls
 g - 6 scrolls of teleportation
 i - a scroll of holy word
 n - a scroll of enchant armour
 F - a scroll of magic mapping
 G - 4 scrolls of immolation
 J - 3 scrolls of enchant weapon
 N - a scroll of brand weapon
 O - 2 scrolls of vulnerability
 X - a scroll of amnesia {unknown}
Potions
 d - 2 potions of might
 f - 4 potions of curing
 p - 5 potions of flight
 r - 5 potions of heal wounds {unknown}
 z - 3 potions of magic {unknown}
 D - 2 potions of haste {unknown}
 I - 5 potions of lignification
 K - 2 potions of invisibility {unknown}
 L - 2 potions of attraction {unknown}
 M - 3 potions of cancellation {unknown}
 T - 3 potions of degeneration {unknown}
Miscellaneous
 Z - a tin of tremorstones (2/2)


   Skills:
 + Level 14.5 Fighting
 + Level 13.2 Maces & Flails
 + Level 12.2 Armour
 + Level 12.2 Shields
 - Level 10.0 Transmutations
 + Level 4.7 Invocations


You had 12 spell levels left.
You knew the following spells:

 Your Spells              Type           Power      Damage    Failure   Level
a - Wereblood             Tmut           24%        N/A       4%          2

Your spell library contained the following spells:

 Spells                   Type           Power      Damage    Failure   Level
 Beastly Appendage        Tmut           48%        N/A       3%          1
 Spider Form              Tmut/Pois      12%        N/A       58%         3
 Animate Skeleton         Necr           0%         N/A       88%         1
 Ice Form                 Ice/Tmut       12%        N/A       94%         4
 Static Discharge         Conj/Air       0%         N/A       96%         2
 Dispel Undead            Necr           0%         3d6       100%        4
 Hailstorm                Conj/Ice       0%         3d3       100%        4
 Sticky Flame             Conj/Fire      0%         2d3       100%        4
 Summon Lightning Spire   Summ/Air       0%         N/A       100%        4
 Simulacrum               Ice/Necr       0%         N/A       100%        6
 Storm Form               Tmut/Air       6%         N/A       100%        7
 Maxwell's Capacitive Co  Air            0%         ∞         100%        8


Dungeon Overview and Level Annotations

Branches:
Dungeon (10/15)            Temple (1/1) D:7            Lair (6/6) D:10
 Shoals (0/4) Lair:2        Snake (0/4) Lair:2        Slime (0/5) Lair:5
    Orc (2/2) D:9         Ossuary (visited)         Volcano (visited)
    Elf: Orc:2

Altars:
Ashenzari
Cheibriados
Dithmenos
Elyvilon
Fedhas
Gozag
Hepliaklqana
Kikubaaqudgha
Makhleb
Nemelex Xobeh
Okawaru
Qazlal
Ru
Sif Muna
Trog
Uskayaw
Vehumet
Wu Jian
Xom
Yredelemnul
Zin
The Shining One
Beogh
Lugonu

Shops:
D:1 [   D:6 [   D:7 (

Annotations:
D:1 Natasha
D:4 2 transporters, NigelTetley's ghost, amateur DECj
D:7 2 transporters, Leszczynek's ghost, novice HuGl
Orc:1 Saint Roka


Innate Abilities, Weirdness & Mutations

You are immune to sickness and miasma.
Your stone body is resilient. (AC +11)
You are immune to poison.
Your large and strong wings let you fly.
You resist negative energy. (rN+)
You are resistant to electric shocks. (rElec)
You are resistant to unholy torment.
You are immune to petrification.


Message History

You block the orc warrior's attack. You block the ogre mage's attack.
You fly upwards.
There is a stone staircase leading down, spattered with blood here.
You sock Saint Roka! You freeze Saint Roka.
Saint Roka is heavily wounded.
You block the orc wizard's attack.
You completely miss Saint Roka.
Saint Roka is heavily wounded.
You block Saint Roka's attack.
The orc warrior hits you but does no damage.
The ogre misses you.
The orc wizard hits you but does no damage.
You thump Saint Roka! You freeze Saint Roka.
Saint Roka is heavily wounded.
The orc wizard no longer looks unusually strong.
Saint Roka invokes the aid of Beogh against you.
Beogh smites you!
* * * LOW HITPOINT WARNING * * *
The orc warrior hits you with a +0 hand axe!!
* * * LOW HITPOINT WARNING * * *
Okay, then.
Okay, then.
As you read the scroll of summoning, it crumbles to dust.
Wisps of shadow whirl around you...
Your orc priest dissolves into shadows! x2
You block the ogre's attack. You block the orc wizard's attack.
Saint Roka says, "In the orcish mines, orcs kill the likes of YOU!"
Saint Roka hits you but does no damage. You block the orc warrior's attack.
The orc warrior hits your orc warrior with a +0 hand axe.
Saint Roka is no longer covered in acid.
You block the ogre's attack.
Saint Roka roars a battlecry!
The orc wizard goes into a battle-frenzy!
Your gnoll closely misses the orc wizard.
Your orc warrior hits the ogre with a +0 war axe!
Your orc warrior hits the orc wizard from afar with a +0 glaive!
Items here: ))) [.
Saint Roka mumbles some strange prayers to Beogh against you.
Beogh smites you!
You die...

#..........#....#......#..#
##.............##..##.#...#
#.........#.......#####...
#................## #...
##.........).##.### ##.#
#....g.......#### ###
##.....gg....### ##
#.....o)Oo....## #.
##.oooo>)@.....# ##
#.....)oo.....## #.
#.....o..#...## ##
##......#.....# ##
#.........<..## ##.
#............## #..
#.............# ##.
##.......#...## ##
##.....######


You could see Saint Roka (ally target), an orc warrior (strong), an ogre (ally
target), an orc wizard (strong, invisible, ally target), 2 friendly orc
warriors, 3 friendly gnolls and 4 friendly orcs.

Vanquished Creatures
  Rupert (Lair:4)
  An orc warlord (Orc:1)
  3 dire elephants (Lair:6)
  4 hydras
  3 ogre magi
  13 two-headed ogres
  9 death yaks
  Sonja (Lair:4)
  A spectral dire elephant (Lair:6)
  2 spectral death yaks (Lair:6)
  2 skeletal warriors (Volcano)
  A spectral anaconda (Lair:6)
  An obsidian statue (Lair:6)
  3 anaconda skeletons (Volcano)
  A swamp dragon (D:9)
  A lindwurm (Lair:3)
  An orc sorcerer (Orc:1)
  4 necromancers (Lair:6)
  A manticore (D:8)
  4 black mambas
  15 elephants
  6 gargoyles
  9 cane toads
  2 rime drakes
  2 torpor snails
  8 komodo dragons
  3 trolls
  6 polar bears
  A hornet (D:9)
  16 blink frogs
  3 spectral elephants (Lair:6)
  2 harpy skeletons (Volcano)
  3 flying skulls (Volcano)
  2 alligator skeletons (Volcano)
  3 wyverns
  A wraith (D:10)
  30 yaks
  A basilisk (Lair:5)
  A steam dragon (Lair:4)
  A death yak simulacrum (Lair:6)
  A warg (Orc:1)
  2 spectral cane toads (Lair:6)
  Grum (D:8)
  An acid dragon (D:9)
  20 water moccasins
  14 orc warriors
  3 sky beasts
  2 black bears
  An ice beast (D:6)
  18 wolves
  24 ogres
  An elephant zombie (Lair:6)
  An elephant skeleton (Lair:6)
  6 centaurs
  8 bullfrogs
  4 scorpions
  2 elephant simulacra (Lair:6)
  5 wights
  2 howler monkeys (D:9)
  4 centaur zombies
  2 bullfrog zombies
  A jelly (D:8)
  A gnoll shaman (D:8)
  3 hounds
  2 bullfrog skeletons
  7 orc priests
  4 human zombies (Ossuary)
  Natasha (D:1)
  18 orc wizards
  A killer bee zombie (D:9)
  4 naga skeletons (Volcano)
  2 mummies (Ossuary)
  A howler monkey zombie (D:7)
  5 adders
  10 gnolls
  A shadow imp (D:6)
  A white imp (D:6)
  2 adder zombies (Ossuary)
  4 worms
  6 dart slugs
  52 orcs
  2 bats
  5 endoplasms
  4 giant cockroaches
  9 goblins
  11 hobgoblins
  7 jackals
  6 kobolds
  5 quokkas
  8 ball pythons
  3 frilled lizards
  2 goblin zombies (Ossuary)
  8 hobgoblin zombies (Ossuary)
  10 kobold zombies (Ossuary)
  8 orc zombies (Ossuary)
  9 rats
  2 rat zombies (Ossuary)
519 creatures vanquished.

Vanquished Creatures (others)
  An orc warrior (D:9)
  An orc (Orc:2)
  A bush (Lair:6)
  30 fungi
  74 plants
  23 withered plants (Lair:6)
130 creatures vanquished.

Grand Total: 649 creatures vanquished

Notes
Turn   | Place    | Note
-------+----------+-------------------------------------------
     0 | D:1      | Gwenloh the Gargoyle Fighter began the quest for the Orb.
     0 | D:1      | Reached XP level 1. HP: 14/14 MP: 1/1
   180 | D:1      | Reached XP level 2. HP: 19/19 MP: 2/2
   583 | D:1      | Reached skill level 4 in Fighting
   583 | D:1      | Reached XP level 3. HP: 24/24 MP: 3/3
   885 | D:1      | Found Egonkan's Armour Emporium.
  1125 | D:2      | Noticed Natasha
  1235 | D:1      | Killed Natasha
  1297 | D:1      | Noticed Natasha
  1314 | D:2      | Reached XP level 4. HP: 21/30 MP: 4/4
  1781 | D:2      | Found a faded altar of an unknown god.
  1789 | D:2      | Got Plato's Guide on Unholy Arts
  2555 | D:3      | Found a hide-covered altar of Uskayaw.
  2576 | D:3      | Noticed a +0 hand axe
  2576 | D:3      | Noticed a +0 hand axe
  2579 | D:3      | Reached skill level 5 in Fighting
  2579 | D:3      | Reached XP level 5. HP: 34/35 MP: 5/5
  2708 | D:3      | Learned a level 2 spell: Wereblood
  3171 | D:3      | Reached skill level 1 in Transmutations
  3171 | D:3      | Reached XP level 6. HP: 40/40 MP: 6/6
  3432 | D:4      | Reached XP level 7. HP: 45/45 MP: 7/7
  3487 | D:4      | Reached skill level 6 in Fighting
  3487 | D:4      | Reached skill level 5 in Maces & Flails
  3503 | D:4      | Found a transporter.
  3531 | D:4      | Noticed NigelTetley's ghost (amateur DECj)
  3534 | D:4      | Identified the +8 great mace "Siunell Piti" {vorpal, Int+3
                  | Dex+5}
  3987 | D:4      | Found a transporter.
  4243 | D:5      | Entered Level 5 of the Dungeon
  4570 | D:5      | Found an opulent altar of Gozag.
  4582 | D:5      | Identified the +0 dagger of the Reaper {vamp, Int+2}
  4624 | D:5      | Reached XP level 8. HP: 51/52 MP: 8/8
  4641 | D:5      | Reached skill level 7 in Fighting
  5095 | D:6      | Found Todesuorunn's Antique Armour Shop.
  5859 | D:7      | Found a blossoming altar of Fedhas.
  5897 | D:7      | Found a sparkling altar of Nemelex Xobeh.
  5919 | D:7      | Noticed a two-headed ogre
  5928 | D:7      | Killed a two-headed ogre
  5929 | D:7      | Reached skill level 8 in Fighting
  5929 | D:7      | Reached skill level 5 in Transmutations
  5929 | D:7      | Reached XP level 9. HP: 11/60 MP: 9/9
  6057 | D:7      | Found a staircase to the Ecumenical Temple.
  6068 | Temple   | Entered the Ecumenical Temple
  6167 | D:7      | Found a white marble altar of Elyvilon.
  6237 | D:7      | Found a sand-covered staircase.
  6242 | Ossuary  | Entered an ossuary
  6564 | Ossuary  | Reached skill level 9 in Fighting
  6754 | D:7      | Found Wiretois's Weapon Shop.
  6759 | D:7      | Found a transporter.
  6767 | D:7      | Noticed Leszczynek's ghost (novice HuGl)
  6768 | D:7      | Noticed an eight-headed hydra
  6823 | D:7      | Found a transporter.
  7127 | D:8      | Noticed Grum
  7141 | D:8      | Killed Grum
  7446 | D:8      | Noticed a manticore
  7459 | D:8      | Killed a manticore
  7460 | D:8      | Reached XP level 10. HP: 22/66 MP: 10/10
  7563 | D:8      | Found a snail-covered altar of Cheibriados.
  7564 | D:8      | Found a stormy altar of Qazlal.
  7564 | D:8      | Found a glowing golden altar of the Shining One.
  7569 | D:8      | Found a shimmering altar of Xom.
  7569 | D:8      | Found an ancient bone altar of Kikubaaqudgha.
  7569 | D:8      | Found an ornate altar of the Wu Jian Council.
  7569 | D:8      | Found a shimmering blue altar of Sif Muna.
  7755 | D:8      | Became a worshipper of the Shining One
  7993 | D:9      | Noticed a gargoyle
  8007 | D:9      | Killed a gargoyle
  8054 | D:9      | Reached skill level 5 in Armour
  8054 | D:9      | Reached skill level 5 in Shields
  8134 | D:9      | Identified the +0 robe of the Crypt {rC+ Str+3}
  8153 | D:9      | Found a staircase to the Orcish Mines.
  8227 | D:9      | Found an iron altar of Okawaru.
  8738 | D:10     | Entered Level 10 of the Dungeon
  8798 | D:10     | Reached skill level 10 in Fighting
  9256 | D:10     | Reached XP level 11. HP: 73/73 MP: 11/11
  9312 | D:10     | Noticed a two-headed ogre
  9312 | D:10     | Reached * piety under the Shining One
  9321 | D:10     | Killed a two-headed ogre
  9405 | D:10     | Found a staircase to the Lair.
  9467 | Lair:1   | Entered Level 1 of the Lair of Beasts
 10301 | Lair:2   | Noticed a five-headed hydra
 10542 | Lair:2   | Identified the +6 short sword "Puufeha" {flame, Fragile
                  | rPois Str-4 Int+9}
 10573 | Lair:2   | Killed a five-headed hydra
 10574 | Lair:2   | Reached skill level 11 in Fighting
 10654 | Lair:2   | Found a staircase to the Shoals.
 10742 | Lair:2   | Reached skill level 10 in Maces & Flails
 10775 | Lair:2   | Found a staircase to the Snake Pit.
 10971 | Lair:2   | Reached XP level 12. HP: 70/80 MP: 12/12
 11325 | Lair:3   | Upgraded the game from 0.28-a0-816-gb054d885db to
                  | 0.28-a0-823-gb444dcf96d
 12500 | Lair:4   | Noticed a four-headed hydra
 12509 | Lair:4   | Killed a four-headed hydra
 12532 | Lair:4   | Found a white marble altar of Elyvilon.
 12672 | Lair:4   | Noticed Rupert
 12680 | Lair:4   | Paralysed by Rupert for 4 turns
 12695 | Lair:4   | Killed Rupert
 12696 | Lair:4   | Reached skill level 12 in Fighting
 12701 | Lair:4   | Noticed Sonja
 12725 | Lair:4   | Killed Sonja
 12956 | Lair:4   | Reached XP level 13. HP: 58/87 MP: 13/13
 13559 | Lair:5   | Found a dark tunnel.
 13570 | Volcano  | Entered a volcano
 13620 | Volcano  | Reached ** piety under the Shining One
 13893 | Volcano  | Reached skill level 10 in Armour
 14029 | Volcano  | Reached skill level 10 in Shields
 14134 | Volcano  | Reached *** piety under the Shining One
 14334 | Lair:5   | Reached skill level 13 in Fighting
 14745 | Lair:5   | Found a staircase to the Slime Pits.
 14934 | Lair:6   | Entered Level 6 of the Lair of Beasts
 15703 | Lair:5   | Gained mutation: Your large and strong wings let you fly.
                  | [Gargoyle growth]
 15703 | Lair:5   | Reached XP level 14. HP: 53/94 MP: 11/14
 16286 | Lair:6   | Identified the +7 chain mail of the Planets {Drain rCorr
                  | Int+2}
 16446 | Lair:6   | Noticed a dire elephant
 16446 | Lair:6   | Noticed a dire elephant
 16446 | Lair:6   | Noticed a dire elephant
 16671 | Lair:6   | Reached **** piety under the Shining One
 16987 | Lair:6   | Reached skill level 10 in Transmutations
 17110 | Lair:6   | Reached skill level 1 in Invocations
 17147 | Lair:6   | Killed a dire elephant
 17198 | Lair:6   | Killed a dire elephant
 17212 | Lair:6   | Killed a dire elephant
 17328 | Lair:6   | Upgraded the game from 0.28-a0-823-gb444dcf96d to
                  | 0.28-a0-828-g0121872642
 17417 | Lair:6   | Reached skill level 14 in Fighting
 17794 | Orc:1    | Entered Level 1 of the Orcish Mines
 18149 | Orc:2    | Entered Level 2 of the Orcish Mines
 18169 | Orc:2    | Noticed an orc warlord
 18503 | Orc:2    | Reached XP level 15. HP: 94/100 MP: 17/17
 18612 | Orc:1    | Killed an orc warlord
 19163 | Orc:2    | Noticed Saint Roka
 19280 | Orc:1    | HP: 5/101 [orc warrior[Saint Roka] (23)]
 19283 | Orc:1    | Killed from afar by Saint Roka

Illustrated notes

Levels and vault maps discovered:
D:1:      dpeg_arrival_tiny_j, layout_basic, serial_rivers,
          chequers_serial_rivers_small_3, chequers_serial_rivers_large_a,
          chequers_serial_rivers_micro_e, chequers_serial_rivers_small_b,
          chequers_serial_rivers_small_a, chequers_serial_rivers_room_a,
          serial_shops, shop_fountains
D:2:      kennysheep_big_flooded_room, layout_basic,
          shapermc_ecumenical_altar_rom_forum, kennysheep_nub, uniq_natasha
D:3:      layout_loops_ring, dancing_weapons_uskayaw
D:4:      layout_cave_pods, gammafunk_ghost_smash
D:5:      layout_loops_cross, grunt_gozag_statues, minmay_strange_pillars
D:6:      layout_loops_cross, serial_shops, shop, kennysheep_nondescript
D:7:      layout_basic, elyvilon_altar_3, mainiacjoe_overflow_24_doors,
          fedhas_altar_3, minmay_temple_entry_mini_moons, serial_shops, shop,
          enter_ossuary_2, nzn_ghost_randoct
D:8:      layout_basic, grunt_temple_overflow_open, uniq_grum
D:9:      layout_loops_ring, lemuel_coloured_pillars_altar, orc_0_dummy
D:10:     layout_roguey, lair_entry_dummy
Temple:   corrupted_temple
Lair:1:   layout_regular_city, chequers_serial_rivers_micro_c, minmay_holes,
          infiniplex_staircase_pool_2
Lair:2:   layout_gridlike, minmay_shoals_entry_centaurs,
          minmay_snake_entry_six_corridors
Lair:3:   layout_regular_city
Lair:4:   layout_loops_ring, basic_altar, uniq_sonja, uniq_rupert
Lair:5:   layout_roguey, dpeg_slime_entry_corner,
          nicolae_volcano_entry_lava_flow
Lair:6:   due_jungle_book, layout_layer_cave, hangedman_lair_unloving_vines,
          grunt_megastairs_3, lemuel_fruit_fields
Orc:1:    layout_caves, lemuel_statue_altar
Orc:2:    st_orc_ogre_mass, layout_caves, uniq_saint_roka

Skill      XL: |  1  2  3  4  5  6  7  8  9 10 11 12 13 14 15 |
---------------+----------------------------------------------+-----
Fighting       | 4 5 6 8 9 10 11 12 13 14 | 14.5
Maces & Flails | 3 4 5 7 8 9 10 11 12 13 | 13.2
Transmutations | 1 2 3 5 6 7 8 9 10 | 10.0
Armour         | 4 6 7 9 10 11 12 | 12.2
Shields        | 4 6 7 9 10 11 12 | 12.2
Invocations    | 3 4 |  4.7

Action                   |  1- 3 |  4- 6 |  7- 9 | 10-12 | 13-15 || total
-------------------------+-------+-------+-------+-------+-------++-------
Melee: Flail             |    81 |    38 |   242 |   434 |  1118 ||  1913
       Whip              |       |    71 |    14 |       |       ||    85
       War axe           |       |    26 |    10 |       |       ||    36
 Fire: Hunting sling     |       |   101 |    54 |       |       ||   155
       Fustibalus        |       |       |   120 |   180 |    94 ||   394
Throw: Dart              |       |     2 |     8 |     8 |    15 ||    33
       Stone             |       |     1 |       |       |     5 ||     6
       Boomerang         |       |       |       |       |    12 ||    12
 Cast: Wereblood         |       |       |       |    11 |    25 ||    36
Invok: Divine Shield     |       |       |       |     1 |     7 ||     8
       Cleansing Flame   |       |       |       |       |     1 ||     1
Evoke: Wand              |       |       |     2 |    14 |    13 ||    29
  Use: Scroll            |       |       |     8 |     6 |     7 ||    21
       Potion            |       |       |       |     1 |     2 ||     3
Armor: Scale mail        |    47 |    56 |    86 |   230 |   247 ||   666
       Chain mail        |       |       |       |       |   423 ||   423
Dodge: Dodged            |    31 |    62 |   155 |   225 |   656 ||  1129
Block: Buckler           |     8 |    32 |    52 |    89 |   492 ||   673

Table legend: (Time is in decaauts)
 A = Elapsed time spent in this place.
 B = Non-inter-level travel time spent in this place.
 C = Inter-level travel time spent in this place.
 D = Time resting spent in this place.
 E = Time spent auto-exploring this place.
 F = Levels seen in this place.
 G = Mean time per level.
                   A        B        C        D        E       F      G
               +--------+--------+--------+--------+--------+-----+--------+
         Total |  19157 |  18354 |    803 |   1268 |  10545 |  21 |  912.2 |
       Dungeon |   9340 |   8989 |    351 |    430 |   6627 |  10 |  934.0 |
        Temple |     46 |     46 |      0 |      0 |     26 |   1 |   46.0 |
          Lair |   7437 |   7204 |    233 |    552 |   3629 |   6 | 1239.5 |
  Orcish Mines |   1318 |   1099 |    219 |    184 |    169 |   2 |  659.0 |
       Ossuary |    352 |    352 |      0 |      0 |      0 |   1 |  352.0 |
       Volcano |    661 |    661 |      0 |    101 |     93 |   1 |  661.0 |
               +--------+--------+--------+--------+--------+-----+--------+

Top non-repeatable levels by time:
  Lair:6: 2443 daAuts
     D:1: 1365 daAuts
   Orc:1: 1164 daAuts
  Lair:3: 1100 daAuts
     D:4: 1094 daAuts
     D:2: 1086 daAuts
  Lair:2: 1024 daAuts
  Lair:4: 1015 daAuts
  Lair:5: 995 daAuts
     D:9: 940 daAuts
     D:8: 922 daAuts
  Lair:1: 859 daAuts
     D:5: 828 daAuts
     D:7: 810 daAuts
     D:6: 803 daAuts
